 Dungeon Crawl Stone Soup version 0.26-a0-844-g3dd439832f (webtiles) character file.

Game seed: 3934793771904803578

48 pablito the Skirmisher (level 3, 0/29 HPs)
             Began as a Demonspawn Monk on Nov 18, 2020.
             Slain by a hound (5 damage)
             ... on level 2 of the Dungeon.
             The game lasted 00:05:32 (1593 turns).

pablito the Skirmisher (Demonspawn Monk)            Turns: 1593, Time: 00:05:33

Health: 0/29       AC:  3    Str: 11    XL:     3   Next: 50%
Magic:  0/3        EV: 12    Int: 11    God:
Gold:   70         SH:  0    Dex: 16    Spells: 2/2 levels left

rFire    + . .     SeeInvis +   a - +0 mace
rCold    . . .     Faith    .   (no shield)
rNeg     . . .     Spirit   +   g - +0 leather armour
rPois    .         Reflect  .   (no helmet)
rElec    .         Harm     .   (no cloak)
rCorr    .         Rampage  .   (no gloves)
MR       .....                  (no boots)
Stlth    ++........             (no amulet)
HPRegen  0.09/turn              (no ring)
MPRegen  0.16/turn              (no ring)

@: no status effects
A: see invisible, fire resistance 1, magic shield, magic regeneration,
MP-powered wands
a: no special abilities


You were on level 2 of the Dungeon.
You visited 1 branch of the dungeon, and saw 2 of its levels.

You collected 70 gold pieces.

Inventory:

Hand Weapons
 a - a +0 mace (weapon)
Missiles
 e - 5 poisoned darts (quivered)
 f - 14 boomerangs
 i - 5 atropa-tipped darts
Armour
 b - a +0 robe
 g - a +0 leather armour (worn)
Scrolls
 d - a scroll of enchant armour {unknown}
 h - a scroll of remove curse {unknown}
 j - a scroll of fear {unknown}
 l - 3 scrolls of identify {unknown}


   Skills:
 + Level 3.6 Fighting
 + Level 3.2 Maces & Flails
 + Level 1.4 Throwing
 - Level 2.6 Dodging
 - Level 1.7 Stealth


You had 2 spell levels left.
You didn't know any spells.
Your spell library was empty.

Dungeon Overview and Level Annotations

Branches:
Dungeon (2/15)

Altars:


Innate Abilities, Weirdness & Mutations

When hurt, damage is shared between your health and your magic reserves.
You regenerate magic rapidly.
You have supernaturally acute eyesight. (SInv)
Your flesh is heat resistant. (rF+)
You expend magic power (3 MP) to strengthen your wands.


Message History

* * * LOW HITPOINT WARNING * * *
It was a potion of mutation.
You feel extremely strange.
You feel your magical essence link to the dungeon's wands.
You feel resistant to heat.
Your vision sharpens.
The hound bites you.
* * * LOW HITPOINT WARNING * * *
The hound bites you.
It was a potion of curing.
You feel better. The hound misses you.
You hit the hound.
The hound is almost dead.
The hound misses you. The hound bites you.
* * * LOW HITPOINT WARNING * * *
You closely miss the hound.
The hound is almost dead.
The hound closely misses you. The hound bites you.
* * * LOW HITPOINT WARNING * * *
You hit the hound.
The hound is almost dead.
The hound bites you.
You die...

#.#####.##.##.#
#....##.##.##.#
###'''###......#
##.......###.####
#.........##....#
...........####.##
............###..#
.............###.#
.....⌠........##@#
............†..#h#
.........†...†.#K#
............^..'B#
.⌠...⌠...⌠.....'.#
...............'(#
...............###
...............#
.....⌠........##


You could see a hound, a giant cockroach and a kobold.

Vanquished Creatures
  An adder (D:2)
  3 leopard geckos
  6 goblins
  A hobgoblin (D:1)
  3 jackals (D:1)
  A quokka (D:2)
  3 bats
  5 frilled lizards (D:1)
  6 kobolds
  7 rats (D:1)
36 creatures vanquished.

Notes
Turn   | Place    | Note
-------+----------+-------------------------------------------
     0 | D:1      | pablito the Demonspawn Monk began the quest for the Orb.
     0 | D:1      | Reached XP level 1. HP: 18/18 MP: 1/1
   295 | D:1      | Gained mutation: When hurt, damage is shared between your
                  | health and your magic reserves. [demonic ancestry]
   295 | D:1      | Reached XP level 2. HP: 12/24 MP: 2/2
   666 | D:1      | Reached skill level 1 in Throwing
   913 | D:1      | Gained mutation: You regenerate magic rapidly. [demonic
                  | ancestry]
   913 | D:1      | Reached XP level 3. HP: 12/29 MP: 0/3
  1589 | D:2      | Gained mutation: You expend magic power (3 MP) to
                  | strengthen your wands. [potion of mutation]
  1589 | D:2      | Gained mutation: Your flesh is heat resistant. (rF+)
                  | [potion of mutation]
  1589 | D:2      | Gained mutation: You have supernaturally acute eyesight.
                  | (SInv) [potion of mutation]
  1593 | D:2      | Slain by a hound

Illustrated notes

Levels and vault maps discovered:
D:1:      dpeg_arrival_ratfight, layout_basic, roderic_lattice_a,
          minmay_misc_feat_room
D:2:      minmay_spotlight, layout_loops_cross, kennysheep_cluttered_room,
          uniq_natasha

Skill      XL: |  1  2 |
---------------+-------+-----
Maces & Flails | 3 |  3.2
Throwing       | 1 |  1.4
Fighting       | |  3.6
Dodging        | |  2.6
Stealth        | |  1.7

Action                   || total
-------------------------++-------
Melee: Mace              ||   115
Throw: Dart              ||     8
  Use: Potion            ||     2
 Stab: Sleeping          ||     4
Armor: Robe              ||     2
       Leather armour    ||    29
Dodge: Dodged            ||    81

Table legend: (Time is in decaauts)
 A = Elapsed time spent in this place.
 B = Non-inter-level travel time spent in this place.
 C = Inter-level travel time spent in this place.
 D = Time resting spent in this place.
 E = Time spent auto-exploring this place.
 F = Levels seen in this place.
 G = Mean time per level.
                   A        B        C        D        E       F      G
               +--------+--------+--------+--------+--------+-----+--------+
         Total |   1621 |   1587 |     34 |    179 |   1080 |   2 |  810.5 |
       Dungeon |   1621 |   1587 |     34 |    179 |   1080 |   2 |  810.5 |
               +--------+--------+--------+--------+--------+-----+--------+

Top non-repeatable levels by time:
     D:1: 1441 daAuts
     D:2: 180 daAuts
